 Dungeon Crawl Stone Soup version 0.31-a0-202-g547052bce9 (webtiles) character file.

Game seed: 4150883976688157785

91 lunkers the Cutter (level 5, 0/60 HPs)
             Began as a Meteoran Wanderer on June 26, 2023.
             Succumbed to an adder's poison
             ... on level 3 of the Dungeon.
             The game lasted 00:02:29 (954 turns).

lunkers the Cutter (Meteoran Wanderer)               Turns: 954, Time: 00:02:30

Health: 0/60       AC:  5    Str: 14    XL:     5   Next: 13%
Magic:  6/6        EV: 12    Int: 11    God:
Gold:   27         SH:  0    Dex: 17    Spells: 4/4 levels left

rFire   . . .        a - +0 broad axe
rCold   . . .        (no shield)
rNeg    . . .        f - +0 leather armour
rPois   .            d - +0 helmet
rElec   .            (no cloak)
rCorr   .            l - +0 pair of gloves
SInv    .            (no boots)
Will    .....        (no amulet) Stlth
                     (no ring)
HPRegen 0.30/turn    (no ring)
MPRegen 0.10/turn

%: no passive effects
@: berserking (expiring), lethally poisoned (0 -> -3), glowing, very quick
A: sense surroundings 1, otherworldly, glowing, explore regen
a: no special abilities


You were on level 3 of the Dungeon.
You visited 1 branch of the dungeon, and saw 3 of its levels.

You collected 27 gold pieces.

Inventory:

Hand Weapons
 a - a +0 broad axe (weapon)
 c - a +0 hand axe
 m - a +2 dagger
Missiles
 b - 7 curare-tipped darts
Armour
 d - a +0 helmet (worn)
 f - a +0 leather armour (worn)
 k - a +0 helmet
 l - a +0 pair of gloves (worn)
Potions
 e - a potion of lignification
 j - a potion of curing {unknown}


   Skills:
 - Level 1.1 Fighting
 - Level 3.9 Short Blades
 + Level 3.3 Axes
 - Level 3.6 Throwing
 - Level 1.2 Armour
 - Level 2.4 Dodging
 - Level 1.0 Stealth


You had 4 spell levels left.
You didn't know any spells.
Your spell library was empty.

Dungeon Overview and Level Annotations

Branches:
Dungeon (3/15) Zot: 847

Altars:


Innate Abilities, Weirdness & Mutations

You passively map a small area around you.
You are easily found by Zot.
You glow in the dark.
You regain HP and MP as you explore.


Message History

Unknown command.
You hit the gnoll.
You kill the gnoll!
The gnoll hits you from afar with a +0 spear.
* * * LOW HITPOINT WARNING * * *
The gnoll hits you from afar with a +0 spear.
* * * LOW HITPOINT WARNING * * *
Your Axes skill increases to level 3!
You have reached level 5!
There is an open door here.
You aren't carrying any items that you can evoke.
Unknown command.
A red film seems to cover your vision as you go berserk!
You feel yourself moving faster!
You feel mighty!
The gnoll hits you from afar with a +0 spear.
* * * LOW HITPOINT WARNING * * *
You feel a strong urge to attack something.
The gnoll hits you with a +0 spear.
* * * LOW HITPOINT WARNING * * *
You closely miss the gnoll.
The gnoll is severely wounded.
The gnoll hits you with a +0 spear.
* * * LOW HITPOINT WARNING * * *
You slash the gnoll!
You kill the gnoll!
The adder barely misses you.
You miss the adder. The adder closely misses you.
The gnoll completely misses you.
You barely miss the adder. The adder bites you but does no damage.
The gnoll misses you.
You slash the adder!
The adder is severely wounded.
The adder bites you but does no damage. The gnoll barely misses you.
The adder bites you.
* * * LOW HITPOINT WARNING * * *
You are lethally poisoned!
The adder poisons you!
You closely miss the adder.
The adder is severely wounded.
You die...

* * * ##### , * , .....
, * * #...#* * ... ...*
* * , * #g# * , * #S#
#.# #@# #.# , ##'## #.#
* ##...## #.# , *
##.....## ###.#
##.......## ##.#.# *
#.>.......####....####
.'.........+...........
###.........####....####
* ##.......## ##.#.#


You could see a gnoll and an adder.

Vanquished Creatures
  Jessica (D:2)
  2 gnolls (D:3)
  An adder (D:2)
  2 worms
  An orc (D:3)
  A bat (D:2)
  2 endoplasms
  2 giant cockroaches
  4 hobgoblins
  3 quokkas
  A ball python (D:1)
  A frilled lizard (D:2)
  4 goblins
  3 kobolds
  A rat (D:1)
29 creatures vanquished.

Notes
Turn   | Place    | Note
-------+----------+-------------------------------------------
     0 | D:1      | lunkers the Meteoran Wanderer began the quest for the Orb.
     0 | D:1      | lunkers set off with the following items: a +2 dagger, 3
                  | curare-tipped darts, a +0 hand axe, a +0 helmet, a potion
                  | of lignification, a +0 leather armour.
     0 | D:1      | Reached XP level 1. HP: 16/16 MP: 2/2
    45 | D:1      | Reached skill level 1 in Short Blades
   118 | D:1      | Reached XP level 2. HP: 19/23 MP: 3/3
   432 | D:2      | Reached XP level 3. HP: 21/28 MP: 4/4
   448 | D:2      | Noticed Jessica
   462 | D:2      | Killed Jessica
   463 | D:2      | Reached XP level 4. HP: 19/35 MP: 5/5
   946 | D:3      | Reached XP level 5. HP: 6/40 MP: 6/6
   948 | D:3      | HP: 2/60 [gnoll/+0 spear (6)]
   953 | D:3      | HP: 1/60 [adder (1)]
   954 | D:3      | Succumbed to an adder's poison

Illustrated notes

Levels and vault maps discovered:
D:1:      scummos_arrival_gate, layout_basic
D:2:      layout_loops_ring, minmay_pentomino_pile, uniq_jessica
D:3:      layout_loops_corners, serial_forest, infiniplex_forest_clump_medium,
          infiniplex_forest_end_3, infiniplex_forest_lined_3_way,
          infiniplex_forest_corner_2, infiniplex_forest_lined_corner,
          infiniplex_forest_lined_3, kennysheep_generic_room_11

Skill      XL: |  1  2  3  4 |
---------------+-------------+-----
Short Blades   | 1 2 3 |  3.9
Axes           | 3 |  3.3
Fighting       | |  1.1
Throwing       | |  3.6
Armour         | |  1.2
Dodging        | |  2.4
Stealth        | |  1.0

Action                     |  1- 3 |  4- 6 || total
---------------------------+-------+-------++-------
  Melee: Dagger            |    76 |    50 ||   126
         Punch             |     1 |     2 ||     3
         Broad axe         |       |    29 ||    29
    Use: Scroll            |       |     2 ||     2
         Potion            |       |     1 ||     1
 Armour: Leather armour    |    29 |    22 ||    51
  Dodge: Dodged            |    35 |    28 ||    63

Table legend: (Time is in decaauts)
 A = Elapsed time spent in this place.
 B = Non-inter-level travel time spent in this place.
 C = Inter-level travel time spent in this place.
 D = Time resting spent in this place.
 E = Time spent auto-exploring this place.
 F = Levels seen in this place.
 G = Mean time per level.
                   A        B        C        D        E       F      G
               +--------+--------+--------+--------+--------+-----+--------+
         Total |    952 |    917 |     35 |      0 |    630 |   3 |  317.3 |
       Dungeon |    952 |    917 |     35 |      0 |    630 |   3 |  317.3 |
               +--------+--------+--------+--------+--------+-----+--------+

Top non-repeatable levels by time:
     D:2: 362 daAuts
     D:3: 316 daAuts
     D:1: 272 daAuts
